 Seeded DCSS version 0.30-a0-778-g2ef04afb54 (webtiles) character file.

Game seed: 5430720872467839093 (custom seed)

1 valliere the Insei (level 1, 13/13 HPs)
             Began as an Octopode Transmuter on Feb 16, 2023.
             Quit the game on level 1 of the Dungeon.
             The game lasted 00:00:15 (56 turns).

valliere the Insei (Octopode Transmuter)              Turns: 56, Time: 00:00:15

Health: 13/13      AC:  1    Str: 13    XL:     1   Next: 20%
Magic:  3/3        EV: 13    Int: 14    God:
Gold:   9          SH:  0    Dex: 11    Spells: 3/4 levels left

rFire   . . .      SeeInvis .      - Unarmed
rCold   . . .      Faith    .    (no shield)
rNeg    . . .      Spirit   .    (helmet restricted)
rPois   .          Reflect  .    (no amulet)
rElec   .          Harm     .    (no ring)
rCorr   .          Rampage  .    (no ring)
Will    .....                    (no ring)
Stlth   ++                       (no ring)
HPRegen 0.22/turn                (no ring)
MPRegen 0.08/turn                (no ring)
                                 (no ring)
                                 (no ring)

@: no status effects
A: almost no armour, amphibious, 8 rings, camouflage 1, gelatinous body 1,
(nimble swimmer 1), tentacles, deterioration 1, strong 1, inability to drink
after injury 1, noise suppression
a: no special abilities


You were on level 1 of the Dungeon.
You visited 1 branch of the dungeon, and saw 1 of its levels.

You collected 9 gold pieces.

Inventory:

Potions
 a - a potion of lignification


   Skills:
 + Level 1.0 Fighting
 + Level 2.0 Dodging
 + Level 3.0 Unarmed Combat
 + Level 2.0 Spellcasting
 + Level 2.0 Transmutations


You had 3 spell levels left.
You knew the following spells:

 Your Spells              Type           Power      Damage    Failure   Level
a - Beastly Appendage     Tmut           14%        N/A       11%         1

Your spell library contained the following spells:

 Spells                   Type           Power      Damage    Failure   Level
 Wereblood                Tmut           7%         N/A       16%         2
 Spider Form              Tmut/Pois      4%         N/A       43%         3
 Ice Form                 Ice/Tmut       4%         N/A       83%         4


Dungeon Overview and Level Annotations

Branches:
Dungeon (1/15)

Altars:


Innate Abilities, Weirdness & Mutations

You cannot wear most types of armour.
You are amphibious.
You can wear up to eight rings at the same time.
Your skin changes colour to match your surroundings (Stealth+).
Your rubbery body absorbs attacks. (AC +1, EV +1)
((You are camouflaged when in or above water. (Stealth+)))
You have tentacles for arms and can constrict up to eight enemies at once.
Your body sometimes deteriorates upon taking damage.
Your muscles are strong. (Str +4, Int/Dex -1)
You occasionally lose the ability to drink potions when taking damage.
You passively dampen the noise of your surroundings.


Message History

Welcome, valliere the Octopode Transmuter.
Game seed: 5430720872467839093 (custom seed) Press ? for a list of commands and other information.
Found 9 gold pieces.
Found a staircase leading out of the dungeon.
You now have 9 gold pieces.
A kobold comes into view. It is wielding a +0 short sword.
A kobold is nearby!
The kobold shouts!
You tentacle-slap the kobold but do no damage.
Your grab misses the kobold. You tentacle-slap the kobold.
Your grab misses the kobold.
The kobold is moderately wounded.
The kobold barely misses you.
You barely miss the kobold. You grab the kobold.
The kobold is moderately wounded.
You constrict the kobold. The kobold completely misses you.
You tentacle-slap the kobold.
The kobold is severely wounded.
You constrict the kobold.
You kill the kobold!
No target in view!
You see here a +0 short sword.
b - a viscous brown potion A jackal comes into view.
It was a potion of mutation.
You feel extremely strange.
You feel yourself wasting away.
You occasionally lose the ability to drink potions when taking damage.
You feel stronger.
You feel your surroundings grow quieter.
Unknown command.
Are you sure you want to abandon this character and quit the game? (Confirm with "yes".)

........# .# #.....#
...##.....#
.........###
..#.......# #.......# .
#.......########
....####.#####........#
h......@.# ########.#
.....##### #.# .#. #)#
#.# #.# #.# #.# #.# #.#


You could see a jackal (asleep).

Vanquished Creatures
  A kobold (D:1)
1 creature vanquished.

Notes
Turn   | Place    | Note
-------+----------+-------------------------------------------
     0 | D:1      | valliere the Octopode Transmuter began the quest for the
                  | Orb.
     0 | D:1      | Reached XP level 1. HP: 13/13 MP: 3/3
    55 | D:1      | Gained mutation: Your body sometimes deteriorates upon
                  | taking damage. [potion of mutation]
    55 | D:1      | Gained mutation: You occasionally lose the ability to drink
                  | potions when taking damage. [potion of mutation]
    55 | D:1      | Gained mutation: Your muscles are strong. (Str +4, Int/Dex
                  | -1) [potion of mutation]
    55 | D:1      | Gained mutation: You passively dampen the noise of your
                  | surroundings. [potion of mutation]
    56 | D:1      | Quit the game

Illustrated notes

Levels and vault maps discovered:
D:1:      dpeg_arrival_boxes_within_box, layout_basic

Action                     || total
---------------------------++-------
  Melee: Unarmed           ||     4
         Constrict         ||     1
    Use: Potion            ||     1
  Dodge: Dodged            ||     2

Table legend: (Time is in decaauts)
 A = Elapsed time spent in this place.
 B = Non-inter-level travel time spent in this place.
 C = Inter-level travel time spent in this place.
 D = Time resting spent in this place.
 E = Time spent auto-exploring this place.
 F = Levels seen in this place.
 G = Mean time per level.
                   A        B        C        D        E       F      G
               +--------+--------+--------+--------+--------+-----+--------+
         Total |     55 |     55 |      0 |      0 |     44 |   1 |   55.0 |
       Dungeon |     55 |     55 |      0 |      0 |     44 |   1 |   55.0 |
               +--------+--------+--------+--------+--------+-----+--------+

Top non-repeatable levels by time:
     D:1: 55 daAuts
